 Dungeon Crawl Stone Soup version 0.28.0-53-g5a82cb258f (webtiles) character file.

Game seed: 7253399552741335781

3845 Ashen the Ogre Mage (level 10, -4/102 HPs)
             Began as an Ogre Fire Elementalist on June 17, 2022.
             Was a Believer of Vehumet.
             Slain by an orc warrior
             ... wielding a +0 war axe
              (14 damage)
             ... in a bailey.
             The game lasted 00:31:08 (9820 turns).

Ashen the Ogre Mage (Ogre Fire Elementalist)        Turns: 9820, Time: 00:31:08

Health: -4/102     AC:  4    Str: 14    XL:     10   Next: 18%
Magic:  21/21      EV: 11    Int: 20    God:    Vehumet [**....]
Gold:   365        SH:  0    Dex:  9    Spells: 13/24 levels left

rFire   + . .      SeeInvis .   A - +2 whip (elec)
rCold   x . .      Faith    .   (no shield)
rNeg    . . .      Spirit   .   a - +1 robe
rPois   .          Reflect  .   (helmet restricted)
rElec   .          Harm     .   (no cloak)
rCorr   .          Rampage  .   (gloves unavailable)
Will    +....                   (boots unavailable)
Stlth   ++........              (no amulet)
HPRegen 0.27/turn               n - ring of fire
MPRegen 0.17/turn               (no ring)

@: no status effects
A: large, unfitting armour, tough skin 1
a: Renounce Religion


You were in a bailey.
You worshipped Vehumet.
Vehumet was pleased with you.
You visited 2 branches of the dungeon, and saw 9 of its levels.
You also visited: Ossuary and Bailey.

You collected 365 gold pieces.

Inventory:

Hand Weapons
 k - a +0 morningstar
 l - a +0 giant club
 w - a +1 flail of holy wrath
 A - a +2 whip of electrocution (weapon)
Missiles
 f - 4 large rocks
Armour
 a - a +1 robe (worn)
 r - +0 swamp dragon scales
 B - a +0 robe
Magical Staves
 e - a staff of conjuration
Jewellery
 n - a ring of fire (left hand)
 q - a ring of magical power
Wands
 v - a wand of paralysis (5)
 z - a wand of flame (16)
 E - a wand of digging (4)
Scrolls
 d - a scroll of enchant armour
 i - 2 scrolls of fear
 j - 3 scrolls of blinking
 o - a scroll of holy word
 t - a scroll of fog {unknown}
 y - a scroll of teleportation {unknown}
 C - a scroll of vulnerability {unknown}
Potions
 b - a potion of invisibility
 c - 4 potions of might
 g - a potion of lignification
 h - a potion of resistance {unknown}
 m - a potion of degeneration {unknown}
 p - a potion of brilliance {unknown}
 s - a potion of attraction {unknown}
 u - a potion of magic {unknown}
 D - 3 potions of curing {unknown}
 F - a potion of mutation {unknown}


   Skills:
 + Level 7.0 Fighting
 + Level 3.2 Maces & Flails
 + Level 5.1 Dodging
 + Level 4.6 Stealth
 * Level 7.8 Spellcasting
 + Level 4.8 Conjurations
 + Level 5.6 Fire Magic


You had 13 spell levels left.
You knew the following spells:

 Your Spells              Type           Power      Damage    Failure   Level
a - Foxfire               Conj/Fire      100%       2x1d9     1%          1
b - Scorch                Fire           90%        2d10      1%          2
c - Inner Flame           Hex/Fire       28%        N/A       9%          3
d - Flame Wave            Conj/Fire      43%        2d9       10%         4
e - Shock                 Conj/Air       68%        1d7       3%          1

Your spell library contained the following spells:

 Spells                   Type           Power      Damage    Failure   Level
 Ignite Poison            Fire/Tmut/Pois 23%        N/A       12%         3
 Conjure Flame            Conj/Fire      43%        6-21      3%          3


Dungeon Overview and Level Annotations

Branches:
Dungeon (8/15)             Temple (1/1) D:4         Ossuary (visited)
 Bailey (1/1)
   Lair: D:8-11

Altars:
Ashenzari
Cheibriados
Dithmenos
Elyvilon
Fedhas
Gozag
Hepliaklqana
Kikubaaqudgha
Makhleb
Nemelex Xobeh
Okawaru
Qazlal
Ru
Sif Muna
Trog
Uskayaw
Vehumet
Wu Jian
Xom
Yredelemnul
Zin
The Shining One

Shops:
D:4 [   D:5 :(


Innate Abilities, Weirdness & Mutations

You are too large for most types of armour.
You have tough skin. (AC +1)


Message History

You hear a shout!
A wave of flame ripples out!
The flame wave engulfs the orc warrior but does no damage.
The orc warrior is severely wounded.
The flame wave engulfs the orc warrior!
The orc warrior is severely wounded.
You finish channelling waves of flame.
You hear a shout! x2
The orc warrior hits you with a +0 war axe!!
* * * LOW HITPOINT WARNING * * *
The orc warrior hits you with a +0 war axe!
* * * LOW HITPOINT WARNING * * *
You are confused.
You feel invigorated.
The orc warrior hits you with a +0 war axe!
* * * LOW HITPOINT WARNING * * *
The orc warrior closely misses you.
A goblin comes into view. It is wielding a +0 hand axe.
The orc warrior is no longer more vulnerable to fire.
The orc warrior closely misses you. x2
Things that are here:
a +0 hand axe; a +0 leather armour; an orc corpse You miss the orc warrior.
The orc warrior is severely wounded.
The orc warrior closely misses you. x2
You barely miss the orc warrior.
The orc warrior is severely wounded.
The orc warrior hits you with a +0 war axe.
* * * LOW HITPOINT WARNING * * *
The orc warrior barely misses you.
You bump into the stone wall.
The orc warrior hits you with a +0 war axe.
* * * LOW HITPOINT WARNING * * *
The orc warrior hits you with a +0 war axe!
* * * LOW HITPOINT WARNING * * *
The orc warrior closely misses you. The goblin barely misses you.
You bump into the stone wall.
You feel less invigorated.
You feel less confused.
The orc warrior hits you with a +0 war axe!
You die...

........ #...... #....g
#... ##'#### ##....)##
#....)..# ##.....oo##
##..... #......g@.#
#...... ##.........##
##g.....
#.....⌠.....#######.....⌠.
##.........##.....##......
#.........#.......#......
##.......##.......##.....
#.......'.....)...'.....
##.....##))....)).##....
#######..)..⌠..)..#####


You could see 2 orc warriors and a goblin.

Vanquished Creatures
  Pikel (D:6)
  Maggie (D:6)
  3 yaks
  Duvessa (D:7)
  An orc warrior (Bailey)
  A sky beast (D:7)
  2 black bears
  An ice beast (D:6)
  A necrophage (D:3)
  2 ogres (D:4)
  3 phantoms
  2 elf zombies (Ossuary)
  3 bullfrogs
  A water moccasin zombie (D:5)
  4 scorpions
  Dowan (D:7)
  3 centaur zombies
  A human zombie (Ossuary)
  A bullfrog zombie (D:5)
  4 hounds
  A jelly (D:4)
  2 orc priests (D:2)
  A bullfrog skeleton (D:4)
  2 centaur skeletons
  Terence (D:3)
  4 iguanas
  A scorpion zombie (D:5)
  A hound skeleton (D:4)
  2 mummies (Ossuary)
  Robin (D:3)
  9 gnolls
  6 adders
  A white imp (D:6)
  2 ufetubi
  An adder zombie (Ossuary)
  3 adder skeletons (D:4)
  A worm (D:1)
  14 orcs
  A bat (D:1)
  8 endoplasms
  8 giant cockroaches
  19 goblins
  9 hobgoblins
  10 jackals
  6 quokkas
  11 ball pythons
  4 frilled lizards
  8 hobgoblin zombies (Ossuary)
  3 jackal zombies (Ossuary)
  4 kobolds
  6 kobold zombies (Ossuary)
  13 orc zombies (Ossuary)
  3 rats
  A rat zombie (Ossuary)
204 creatures vanquished.

Vanquished Creatures (others)
  638 foxfires
  A plant (D:4)
639 creatures vanquished.

Grand Total: 843 creatures vanquished

Notes
Turn   | Place    | Note
-------+----------+-------------------------------------------
     0 | D:1      | Ashen the Ogre Fire Elementalist began the quest for the
                  | Orb.
     0 | D:1      | Reached XP level 1. HP: 16/16 MP: 3/3
   255 | D:1      | Reached skill level 1 in Conjurations
   427 | D:1      | Reached XP level 2. HP: 26/26 MP: 3/5
   764 | D:1      | Reached skill level 1 in Fighting
  1069 | D:2      | Reached XP level 3. HP: 33/33 MP: 2/7
  1278 | D:2      | Learned a level 2 spell: Scorch
  1282 | D:2      | Learned a level 3 spell: Inner Flame
  1592 | D:2      | Reached XP level 4. HP: 41/41 MP: 4/8
  1642 | D:2      | Found a snail-covered altar of Cheibriados.
  1753 | D:3      | Noticed Terence
  1804 | D:2      | Reached XP level 5. HP: 36/46 MP: 0/9
  2144 | D:3      | Killed Terence
  2472 | D:3      | Noticed a necrophage
  2486 | D:3      | Killed a necrophage
  2487 | D:3      | Reached XP level 6. HP: 59/59 MP: 0/11
  2686 | D:3      | Noticed Robin
  3038 | D:3      | Killed Robin
  3750 | D:4      | Reached XP level 7. HP: 67/67 MP: 5/12
  3814 | D:4      | Found Piduceli's Armour Shoppe.
  3840 | D:4      | Found an ancient bone altar of Kikubaaqudgha.
  3842 | D:4      | Found a stormy altar of Qazlal.
  3843 | D:4      | Found a broken altar of Ashenzari.
  3901 | D:4      | Learned a level 4 spell: Flame Wave
  3965 | D:4      | Found a staircase to the Ecumenical Temple.
  3973 | Temple   | Entered the Ecumenical Temple
  4153 | Temple   | Became a worshipper of Vehumet
  4709 | D:5      | Entered Level 5 of the Dungeon
  4762 | D:5      | Found a glowing silver altar of Zin.
  4864 | D:5      | Reached XP level 8. HP: 73/79 MP: 10/14
  5069 | D:5      | Reached skill level 5 in Spellcasting
  5114 | D:5      | Found Ceydoc's Antique Weapon Shop.
  5116 | D:5      | Noticed a yak
  5116 | D:5      | Noticed a yak
  5160 | D:5      | Noticed a yak
  5174 | D:5      | Noticed a yak
  5227 | D:5      | Killed a yak
  5228 | D:5      | Reached skill level 5 in Fighting
  5525 | D:5      | You fall into a shaft and drop 2 floors!
  5525 | D:7      | Noticed a hornet
  5547 | D:6      | Reached skill level 1 in Maces & Flails
  5661 | D:5      | Killed a yak
  5777 | D:4      | Killed a yak
  5778 | D:4      | Reached XP level 9. HP: 55/88 MP: 11/17
  6032 | D:5      | Found Orphi's Book Shoppe.
  6434 | D:6      | Reached * piety under Vehumet
  6434 | D:6      | Offered knowledge of Magic Dart by Vehumet.
  6460 | D:6      | Found an iron altar of Okawaru.
  6914 | D:6      | Reached skill level 5 in Fire Magic
  7054 | D:6      | Noticed Maggie
  7098 | D:6      | Killed Maggie
  7521 | D:7      | Noticed Duvessa
  7521 | D:7      | Noticed Dowan
  7725 | D:7      | Killed Duvessa
  7892 | D:7      | Killed Dowan
  8130 | D:7      | Found an ornate altar of the Wu Jian Council.
  8392 | D:7      | Noticed Pikel
  8443 | D:6      | Killed Pikel
  8444 | D:6      | Reached skill level 5 in Dodging
  8444 | D:6      | Reached XP level 10. HP: 39/100 MP: 1/21
  9104 | D:8      | Found a sand-covered staircase.
  9110 | Ossuary  | Entered an ossuary
  9310 | Ossuary  | Reached ** piety under Vehumet
  9311 | Ossuary  | Offered knowledge of Shock by Vehumet.
  9318 | Ossuary  | Learned a level 1 spell: Shock
  9564 | D:8      | Found a flagged portal.
  9580 | Bailey   | Entered a bailey
  9809 | Bailey   | Offered knowledge of Ignite Poison by Vehumet.
  9818 | Bailey   | HP: 2/102 [orc warrior/+0 war axe (15)]
  9820 | Bailey   | Slain by an orc warrior

Illustrated notes

Levels and vault maps discovered:
D:1:      dpeg_arrival_pits, layout_basic
D:2:      layout_basic, basic_altar
D:3:      layout_rooms, serial_rivers, chequers_serial_rivers_large_b,
          chequers_serial_rivers_micro_d, chequers_serial_rivers_small_3,
          chequers_serial_rivers_room_a, roderic_lattice_a, uniq_terence,
          uniq_robin
D:4:      layout_basic, gammafunk_temple_overflow_forgotten,
          minmay_temple_entry_arrows, serial_shops, nicolae_shop_statue_plus
D:5:      layout_basic, overflow_temple_1_default, serial_shops,
          nicolae_shop_hallway_plus, nicolae_shop_behind_doors
D:6:      layout_basic, okawaru_metal_pillars_3, minivault_26,
          hellmonk_bongcloud_opening, uniq_maggie
D:7:      layout_basic, mainiacjoe_overflow_alcove_1, bh_walls_and_bars,
          uniq_pikel, uniq_duvessa
D:8:      layout_loops_ring, nicolae_ossuary_entry_ruins,
          gammafunk_ghost_hydra_chop, enter_bailey_2
Temple:   eino_temple_rhombus
Bailey:   bailey_axe_minmay_hex_keep, bailey

Skill      XL: |  1  2  3  4  5  6  7  8  9 10 |
---------------+-------------------------------+-----
Conjurations   | 1 2 3 4 |  4.8
Dodging        | 2 3 4 5 |  5.1
Fighting       | 1 2 3 4 5 6 7 |  7.0
Fire Magic     | 3 4 5 |  5.6
Stealth        | 2 3 4 |  4.6
Spellcasting   | 3 4 5 7 |  7.8
Maces & Flails | 1 3 |  3.2

Action                   |  1- 3 |  4- 6 |  7- 9 | 10-12 || total
-------------------------+-------+-------+-------+-------++-------
Melee: Unarmed           |    47 |       |       |       ||    47
       Staff             |     3 |    34 |    45 |       ||    82
       Punch             |       |     1 |     1 |     1 ||     3
       Whip              |       |       |       |    59 ||    59
 Cast: Foxfire           |    58 |    98 |   186 |    50 ||   392
       Scorch            |       |    10 |    19 |     3 ||    32
       Flame Wave        |       |       |     1 |     4 ||     5
  Use: Scroll            |     2 |     6 |     4 |     1 ||    13
       Potion            |       |       |     1 |     1 ||     2
Armor: Robe              |    27 |     9 |    26 |    33 ||    95
Dodge: Dodged            |    27 |    27 |    66 |    61 ||   181
